 Dungeon Crawl Stone Soup version 0.16-b1 (webtiles) character file.

27148 McCoppin the Brawler (level 13, -3/120 HPs)
             Began as a Troll Monk on Mar 10, 2015.
             Killed from afar by an acid blob (10 damage)
             ... with a splash of acid
             ... on level 1 of the Pits of Slime.
             The game lasted 01:22:58 (13232 turns).

McCoppin the Brawler (Troll Monk)                  Turns: 13232, Time: 01:22:58

Health: -3/120     AC:  9    Str: 25    XL:     13   Next: 2%
Magic:  19/19      EV: 13    Int:  6    God:
Gold:   690        SH:  0    Dex: 13    Spells: 0 memorised, 12 levels left

rFire  + + .     SeeInvis .       - Unarmed
rCold  . . .     Clarity  +     q - +1 robe {MR+}
rNeg   + . .     SustAb   .     (shield restricted)
rPois  +         Gourm    +     (helmet restricted)
rElec  .         Spirit   .     O - +1 cloak
rCorr  .         Warding  .     (gloves unavailable)
rMut   .         Stasis   .     (boots unavailable)
MR     +....                    P - amulet of rage
Stlth  +.........               m - ring of invisibility
                                e - ring of positive energy

@: contaminated, glowing, somewhat resistant to hostile enchantments, very
unstealthy
A: unfitting armour, claws 3, icy blue scales 1, blurry vision 2, clarity, fire
resistance 2, fast metabolism 3, gourmand, low mp 1, poison resistance,
regeneration 3, shaggy fur 1, spit poison 1, tough skin 2, placid magic 1
a: Spit Poison, Evoke Berserk Rage, Evoke Invisibility


You were on level 1 of the Pits of Slime.
You were not hungry.

You visited 3 branches of the dungeon, and saw 18 of its levels.
You also visited: Sewer and Ossuary.

You collected 690 gold pieces.

Inventory:

Hand weapons
 r - a +1 blowgun
Missiles
 s - 43 poisoned needles
 x - 2 javelins
 H - 3 stones (quivered)
 L - a throwing net
Armour
 q - a +1 robe of magic resistance (worn)
 O - a +1 cloak (worn)
 U - the +3 hat of Pondering {ponderous, MR+ MP+10 Int+5}
   (You took it off Gastronok on level 1 of the Lair of Beasts)

   It affects your intelligence (+5).
   It affects your resistance to hostile enchantments.
   It affects your magic capacity (+10).
Jewellery
 d - an uncursed ring of sustain abilities
 e - a ring of positive energy (left claw)
 f - an uncursed amulet of guardian spirit
 m - a ring of invisibility (right claw)
 J - an uncursed amulet of clarity
 P - an amulet of rage (around neck)
 R - an uncursed ring of magical power
Magical devices
 a - a wand of digging (18)
 k - a wand of hasting (0)
 S - a wand of frost (21)
 T - a wand of magic darts (25)
 V - a wand of confusion (8)
Scrolls
 g - 5 scrolls of random uselessness
 p - 2 scrolls of teleportation
 u - 2 scrolls of recharging
 v - a scroll of enchant armour
 w - 9 scrolls of remove curse
 y - 2 scrolls of immolation
 I - 2 scrolls of noise
 K - a scroll of silence
 N - a scroll of amnesia
 W - a scroll of fog
Potions
 j - 2 potions of ambrosia
 l - 2 potions of brilliance
 t - a potion of flight
 z - a potion of haste
 A - 2 potions of restore abilities
 C - 4 potions of poison
 E - a potion of might
 F - a potion of cancellation
 G - a potion of cure mutation
 M - 2 potions of decay
 Q - 2 potions of resistance
 Y - a potion of agility
Books
 X - a book of Hinderance

   Spells                             Type                      Level
   a - Confusing Touch                Hexes                        2
   b - Confuse                        Hexes                        3
   c - Petrify                        Transmutation/Earth          4
   d - Metabolic Englaciation         Hexes/Ice                    5
   e - Gell's Gravitas                Hexes/Translocation          5
   f - Summon Mana Viper              Hexes/Summoning              5
Comestibles
 b - 8 meat rations
 c - 12 bread rations
 h - 5 beef jerkies
 o - 7 fruits
 B - a royal jelly
 Z - a slice of pizza


   Skills:
 - Level 5.8 Fighting
 - Level 7.0 Dodging
 - Level 1.1 Stealth
 + Level 15.6 Unarmed Combat
 - Level 10.0 Evocations


You had 12 spell levels left.
You didn't know any spells.

Dungeon Overview and Level Annotations

Branches:
Dungeon (9/15)             Temple (0/1) D:5            Lair (8/8) D:9
  Slime (1/6) Lair:8
  Swamp: Lair:3-6    Shoals: Lair:3-6     Snake: Lair:3-6    Spider: Lair:3-6
    Orc: D:9-12

Altars:
Ashenzari
Elyvilon
Qazlal
Sif Muna
Xom
Yredelemnul
Zin

Annotations:
Lair:3 Swippen's ghost, experienced TrBe
Lair:6 Snorg


Innate Abilities, Weirdness & Mutations

You are too large for most types of armour.
You have claws for hands.
Your metabolism is lightning-fast.
You like to eat raw meat.
You regenerate.
You are covered in fur (AC +1).
You have very tough skin (AC +2).
You are partially covered in icy blue scales (AC +1).
Scrolls take you longer to read.
You possess an exceptional clarity of mind.
Your flesh is very heat resistant.
Your magical capacity is low (-10% MP).
Your system is resistant to poisons.
You can spit poison.
Your spells are a little easier to cast, but a little less powerful.


Message History

* * * LOW HITPOINT WARNING * * *
2 jellies come into view.
The jelly quivers.
You mangle the jelly!!
You kill the jelly!
An acid blob comes into view.
The acid blob quivers.
The jelly jiggles.
The jelly hits you but does no damage. The acid blob spits acid at you.
The splash of acid hits you!
* * * LOW HITPOINT WARNING * * *
The acid burns!
* * * LOW HITPOINT WARNING * * *
Read which item? (? for menu, Esc to quit)
Okay, then.
Read which item? (? for menu, Esc to quit)
The acid blob spits acid at you. The splash of acid hits you!
You die...

#.. ## ####.#.#
##.####.#...#
#...##...#..##.
#......#.....# #
##.............
##.##...@......J...
#.......JJ.........
#...#.##....#.....
##...##....#......
#..#.............
#................
##. ..#.......#. ##
###....### #..##


You could see an acid blob and 2 jellies.

Vanquished Creatures
  Gastronok (Lair:1)
  A death yak (D:8)
  3 black mambas
  A griffon (Lair:8)
  3 oklob plants (Lair:8)
  9 elephants
  The ghost of herpmino the Cudgeler, an experienced DsFi of Qazlal (D:6)
  7 komodo dragons
  6 spiny frogs
  A troll (D:9)
  2 polar bears (D:8)
  A two-headed ogre (Lair:1)
  12 blink frogs
  A boulder beetle (Lair:8)
  2 spriggans
  23 yaks
  2 hippogriffs
  8 wolves
  10 ice beasts
  A wasp (D:8)
  13 water moccasins
  9 porcupines
  A phantom (D:8)
  4 ogres
  11 crocodiles
  2 big kobolds (Sewer)
  9 giant frogs
  2 electric eels
  2 crimson imps
  3 giant frog zombies
  5 hounds
  4 orc wizards
  Crazy Yiuf (D:7)
  2 orc priests (D:5)
  2 jellies
  2 iguanas
  8 worker ants
  31 sheep
  A big kobold zombie (Ossuary)
  Ijyb (D:2)
  Terence (D:2)
  2 hound skeletons
  4 mummies
  25 adders
  8 gnolls
  3 white imps (D:8)
  81 river rats
  4 giant mites
  2 ufetubi (D:8)
  4 worms
  2 adder zombies
  An adder skeleton (D:5)
  An adder simulacrum (D:8)
  3 giant geckos
  11 orcs
  A ball python (D:4)
  11 bats
  A bat skeleton (D:7)
  9 giant cockroaches
  A gnoll zombie (Ossuary)
  28 goblins
  13 hobgoblins
  2 oozes
  6 quokkas
  A giant gecko skeleton (D:7)
  5 giant newts
  2 goblin zombies (Ossuary)
  A hobgoblin zombie (Ossuary)
  11 jackals
  A jackal skeleton (D:5)
  21 kobolds
  3 kobold zombies (Ossuary)
  A quokka skeleton (D:4)
  A quokka zombie (D:8)
  19 rats
  4 ballistomycetes
  3 fungi
  4 plants
509 creatures vanquished.

Vanquished Creatures (others)
  2 giant spores
  A ballistomycete (D:8)
  9 fungi
  16 plants
28 creatures vanquished.

Grand Total: 537 creatures vanquished

Notes
Turn   | Place    | Note
--------------------------------------------------------------
     0 | D:1      | McCoppin, the Troll Monk, began the quest for the Orb.
     0 | D:1      | Reached XP level 1. HP: 22/22 MP: 1/1
    72 | D:1      | Reached XP level 2. HP: 23/29 MP: 1/1
   725 | D:2      | Noticed Terence
   737 | D:2      | Killed Terence
   737 | D:2      | Reached skill level 5 in Unarmed Combat
   737 | D:2      | Reached XP level 3. HP: 36/36 MP: 2/2
   741 | D:2      | Found a shimmering altar of Xom.
   955 | D:2      | Reached XP level 4. HP: 28/44 MP: 2/2
  1071 | D:2      | Noticed Ijyb
  1082 | D:2      | Killed Ijyb
  1082 | D:2      | Reached skill level 6 in Unarmed Combat
  1207 | D:2      | Reached XP level 5. HP: 42/50 MP: 2/2
  1627 | D:3      | Reached skill level 7 in Unarmed Combat
  1950 | D:4      | Found a deep blue altar of Sif Muna.
  2011 | D:4      | Reached XP level 6. HP: 57/59 MP: 3/3
  2080 | D:4      | Found a glowing drain.
  2130 | Sewer    | Entered a sewer
  2270 | Sewer    | Reached skill level 8 in Unarmed Combat
  2587 | D:4      | Found a white marble altar of Elyvilon.
  2607 | D:4      | Noticed an ogre
  2615 | D:4      | Killed an ogre
  2615 | D:4      | Reached XP level 7. HP: 55/66 MP: 3/3
  2673 | D:4      | Found a basalt altar of Yredelemnul.
  2676 | D:4      | Found a glowing silver altar of Zin.
  2676 | D:4      | Found a stormy altar of Qazlal.
  2707 | D:4      | Reached skill level 9 in Unarmed Combat
  2943 | D:4      | Noticed an ogre
  2947 | D:4      | Killed an ogre
  3004 | D:5      | Entered Level 5 of the Dungeon
  3232 | D:5      | Reached skill level 10 in Unarmed Combat
  3313 | D:5      | Found a staircase to the Ecumenical Temple.
  3352 | D:5      | Reached XP level 8. HP: 68/74 MP: 3/3
  3448 | D:5      | Found a sand-covered staircase.
  3458 | Ossuary  | Entered an ossuary
  4438 | D:6      | Noticed herpmino's ghost (experienced DsFi)
  4452 | D:6      | Killed herpmino's ghost
  4593 | D:6      | Found a shattered altar of Ashenzari.
  4829 | D:6      | Gained mutation: You regenerate. [potion of mutation]
  4829 | D:6      | Lost mutation: You regenerate. [potion of mutation]
  4829 | D:6      | Gained mutation: You can spit poison. [potion of mutation]
  4830 | D:6      | Gained mutation: You regenerate. [potion of mutation]
  4830 | D:6      | Gained mutation: You are dopey. (Int -2) [potion of mutation]
  4831 | D:6      | Gained mutation: Your system is resistant to poisons. [potion of mutation]
  4831 | D:6      | Lost mutation: You are dopey. (Int -2) [potion of mutation]
  5034 | D:6      | Gained mutation: Your flesh is heat resistant. [potion of mutation]
  5035 | D:6      | Gained mutation: You are partially covered in icy blue scales (AC +1). [potion of mutation]
  5035 | D:6      | Gained mutation: Your flesh is very heat resistant. [potion of mutation]
  5731 | D:7      | Noticed Crazy Yiuf
  5736 | D:7      | Killed Crazy Yiuf
  5915 | D:7      | Reached XP level 9. HP: 82/85 MP: 4/4
  5961 | D:7      | Reached skill level 5 in Fighting
  6095 | D:8      | Noticed a death yak
  6130 | D:8      | Reached skill level 5 in Dodging
  6519 | D:8      | Reached skill level 1 in Evocations
  6755 | D:8      | Killed a death yak
  7114 | D:9      | Reached skill level 5 in Evocations
  7114 | D:9      | Reached XP level 10. HP: 90/98 MP: 12/12
  7200 | D:9      | Found a staircase to the Lair.
  7300 | Lair:1   | Entered Level 1 of the Lair of Beasts
  7309 | Lair:1   | Noticed Gastronok
  7344 | Lair:1   | Killed Gastronok
  8230 | Lair:1   | Reached XP level 11. HP: 105/105 MP: 19/19
  8669 | Lair:1   | Reached skill level 10 in Evocations
  8976 | Lair:3   | Noticed Swippen's ghost (experienced TrBe)
  9241 | Lair:3   | Noticed a six-headed hydra
  9565 | Lair:3   | Reached skill level 11 in Unarmed Combat
  9849 | Lair:5   | Noticed a death yak
 10267 | Lair:6   | Noticed Snorg
 10367 | Lair:7   | Reached skill level 12 in Unarmed Combat
 10647 | Lair:8   | Entered Level 8 of the Lair of Beasts
 10907 | Lair:7   | Reached XP level 12. HP: 83/113 MP: 22/22
 11143 | Lair:7   | Reached skill level 13 in Unarmed Combat
 11875 | Lair:8   | Reached skill level 14 in Unarmed Combat
 12162 | Lair:8   | Noticed an eight-headed hydra
 12213 | Lair:8   | Noticed a spriggan rider
 12219 | Lair:8   | Found a staircase to the Slime Pits.
 12221 | Lair:8   | Gained mutation: Scrolls take you a little longer to read. [mutagenic glow]
 12283 | Lair:8   | Gained mutation: Your magical capacity is low (-10% MP). [mutagenic glow]
 12478 | Lair:8   | Reached skill level 15 in Unarmed Combat
 12908 | Lair:8   | Reached XP level 13. HP: 118/120 MP: 18/19
 12913 | Slime:1  | Entered Level 1 of the Pits of Slime
 12913 | Slime:1  | Noticed an azure jelly
 12913 | Slime:1  | Noticed an azure jelly
 13057 | Lair:7   | Gained mutation: Scrolls take you longer to read. [mutagenic glow]
 13217 | Slime:1  | Noticed an acid blob
 13217 | Slime:1  | Gained mutation: You possess an exceptional clarity of mind. [mutagenic glow]
 13221 | Slime:1  | Gained mutation: Your spells are a little easier to cast, but a little less powerful. [a shining eye]
 13229 | Slime:1  | Noticed an acid blob
 13231 | Slime:1  | HP: 6/120 [acid (13)]
 13232 | Slime:1  | Killed from afar by an acid blob

Action                   |  1- 3 |  4- 6 |  7- 9 | 10-12 | 13-15 || total
-------------------------+-------+-------+-------+-------+-------++-------
Melee: Unarmed           |    93 |   218 |   311 |   984 |    23 ||  1629
 Fire: Blowgun           |       |       |     2 |     2 |       ||     4
Throw: Stone             |       |       |     3 |       |       ||     3
 Abil: Evoke Berserk Rag |       |       |       |     2 |       ||     2
       Spit Poison       |       |       |       |     2 |       ||     2
       Evoke Invisibilit |       |       |       |     4 |     1 ||     5
Evoke: Wand              |       |       |       |    14 |     5 ||    19
  Use: Potion            |     1 |     4 |     7 |    17 |       ||    29
       Scroll            |       |     3 |    19 |    12 |     2 ||    36
 Stab: Sleeping          |     1 |     1 |     3 |       |       ||     5
       Distracted        |       |       |     1 |       |       ||     1
       Invisible         |       |       |       |     8 |       ||     8
  Eat: Chunk             |     7 |    17 |    30 |    54 |     4 ||   112
       Bread ration      |       |       |     2 |       |       ||     2
       Meat ration       |       |       |     1 |       |       ||     1
